[Event "Titled Tuesday Blitz June 27 Early 2023"]
[White "Gheorghiu, Calin"]
[Black "Schnaider, Ilan"]
[WhiteFideId "1200305"]
[BlackFideId "169013"]
[WhiteElo "2468"]
[BlackElo "2648"]
[Result "1-0"]
[Round "3"]
[TimeControl "180+2"]
[Date "2023.06.27"]
[WhiteClock "0:00:17"]
[BlackClock "0:00:02"]
[Board "118"]

1. d4 Nf6 2. c4 g6 3. Nc3 d5 4. cxd5 Nxd5 5. Bd2 c5 6. dxc5 Bg7 7. e4 Nb4 8. Nf3 N8c6 9. a3 Nd3+ 10. Bxd3 Qxd3 11. Qe2 Qxe2+ 12. Kxe2 Bg4 13. Be3 O-O-O 14. Rhd1 Be6 15. Nd5 f5 16. Ng5 Bg8 17. f3 h6 18. Nh3 fxe4 19. fxe4 g5 20. Nf2 Bxb2 21. Rab1 Bg7 22. Nxe7+ Nxe7 23. Rxd8+ Kxd8 24. Rxb7 Bc4+ 25. Kd2 Be5 26. Rxa7 Nc6 27. Ra8+ Bb8 28. Kc3 Be6 29. Bd4 Rf8 30. Nd3 Kc7 31. Nb4 Kb7 32. Ra4 Nxd4 33. Kxd4 Rd8+ 34. Nd5 Bc7 35. Rb4+ Kc6 36. Ra4 Bxd5 37. exd5+ Rxd5+ 38. Ke4 Re5+ 39. Kd4 Rd5+ 40. Ke4 Rxc5 41. Ra8 Bb6 42. Rh8 Rc4+ 43. Kf5 Rh4 44. h3 Bd4 45. Rh7 Kd5 46. Kg6 Be3 47. Rxh6 Rb4 48. axb4 g4 49. Rh5+ Kc4 50. hxg4 Bf2 51. Rf5 Kb3 52. Kf7 Bg1 53. Rf3+ Ka2 54. g5 Bd4 55. g6 Kb1 56. g7 Bxg7 57. Kxg7 Kb2 58. b5 Kc2 59. b6 Kd2 60. b7 Ke2 61. b8=Q Ke1 62. Qb2 Kd1 63. Rf1# 1-0


[Site "https://www.chess.com"]

[Event "Titled Tuesday Blitz June 27 Early 2023"]
[White "Principe, Alexander"]
[Black "Ernst, Sipke"]
[WhiteFideId "3804542"]
[BlackFideId "1004689"]
[WhiteElo "2468"]
[BlackElo "2648"]
[Result "0-1"]
[Round "3"]
[TimeControl "180+2"]
[Date "2023.06.27"]
[WhiteClock "0:00:07"]
[BlackClock "0:00:29"]
[Board "119"]

1. e4 c5 2. Nf3 d6 3. d4 cxd4 4. Nxd4 Nf6 5. Nc3 Nc6 6. Bg5 e6 7. Qd2 a6 8. f3 Bd7 9. O-O-O Nxd4 10. Qxd4 Be7 11. Kb1 b5 12. g4 Qc7 13. Bxf6 Bxf6 14. Qxd6 Qxd6 15. Rxd6 Ke7 16. Rd1 h5 17. Bg2 hxg4 18. fxg4 Bxc3 19. bxc3 e5 20. h3 Be6 21. Kb2 g5 22. Rhe1 Rhd8 23. Bf1 Rxd1 24. Rxd1 Rc8 25. Ra1 Bc4 26. Bd3 Rh8 27. Bxc4 bxc4 28. Rh1 Rd8 29. h4 gxh4 30. Rxh4 Rd2 31. Rh6 f6 32. Rh7+ Ke6 33. Ra7 Re2 34. Rxa6+ Kf7 35. Rc6 Rxe4 36. a4 Rxg4 37. a5 Rg8 38. Rxc4 Ra8 39. Ra4 Ra6 40. Kb3 f5 41. Kb4 f4 42. Kb5 Ra8 43. Kc5 Ke6 44. a6 Rc8+ 45. Kb6 f3 46. a7 f2 47. Kb7 Rf8 48. Ra1 e4 49. c4 e3 50. c5 e2 51. c6 e1=Q 52. a8=Q Qb4+ 53. Kc7 Rf7+ 0-1


[Site "https://www.chess.com"]

[Event "Titled Tuesday Blitz June 27 Early 2023"]
[White "Papasimakopoulos, Alexandros"]
[Black "Herzog2012"]
[WhiteFideId "4244125"]
[WhiteElo "2645"]
[BlackElo "2466"]
[Result "1-0"]
[Round "3"]
[TimeControl "180+2"]
[Date "2023.06.27"]
[WhiteClock "0:01:03"]
[BlackClock "0:00:03"]
[Board "120"]

1. d4 Nf6 2. c4 e6 3. Nc3 Bb4 4. Qc2 d5 5. cxd5 exd5 6. Bg5 O-O 7. e3 c6 8. Bd3 h6 9. h4 Qd6 10. Bf4 Qe7 11. Nf3 Ne4 12. Ne5 Nd7 13. f3 Nxc3 14. bxc3 Bd6 15. Nxd7 Bxd7 16. Bxd6 Qxd6 17. Kf2 Rae8 18. h5 f5 19. f4 b6 20. a4 c5 21. a5 c4 22. Be2 b5 23. a6 b4 24. cxb4 Qxb4 25. Rhb1 Qe7 26. Qc3 Qh4+ 27. Kg1 Bc6 28. Bf3 Qe7 29. Re1 Rb8 30. Ra5 Rb3 31. Qd2 Rd8 32. Rc5 Rd6 33. g3 Kh8 34. Re2 Rd3 35. Qc1 Re6 36. Kf2 Qd6 37. Qb1 Rb3 38. Qxf5 Qe7 39. Rxc6 Rxc6 40. Bxd5 Rc7 41. Be4 Kg8 42. Qh7+ Kf7 43. Bd5+ Ke8 44. Bxc4 Rc3 45. Qg8+ Qf8 46. Qe6+ Qe7 47. Bb5+ Kd8 48. Qd5+ Kc8 49. Qa8# 1-0


[Site "https://www.chess.com"]

[Event "Titled Tuesday Blitz June 27 Early 2023"]
[White "Sanhueza, Cristian"]
[Black "TimGrutter03"]
[WhiteFideId "116815"]
[WhiteElo "2465"]
[BlackElo "2631"]
[Result "1-0"]
[Round "3"]
[TimeControl "180+2"]
[Date "2023.06.27"]
[WhiteClock "0:00:09"]
[BlackClock "0:00:03"]
[Board "121"]

1. e4 c6 2. d4 d5 3. exd5 cxd5 4. c4 Nf6 5. Nc3 g6 6. Qb3 Bg7 7. cxd5 O-O 8. Be2 e6 9. Bf3 Nxd5 10. Nxd5 exd5 11. Bxd5 Nc6 12. Nf3 Na5 13. Qb5 a6 14. Qc5 b6 15. Qxf8+ Qxf8 16. Bxa8 Bg4 17. Bd5 Qb4+ 18. Bd2 Qxb2 19. O-O Bxf3 20. Bxf3 Qxd2 21. Rad1 Qf4 22. d5 Be5 23. Rfe1 Qxh2+ 24. Kf1 Bd6 25. g3 Nc4 26. Bg2 Kg7 27. Re4 Qh5 28. g4 Qh4 29. Rxc4 Bc5 30. Rxc5 bxc5 31. d6 Qxg4 32. Ke1 Qxg2 33. d7 Qh1+ 34. Ke2 Qe4+ 35. Kf1 Qh1+ 36. Ke2 Qh5+ 37. Kd2 Qg5+ 38. Kc2 Qd8 39. Kc3 Kf6 40. Kc4 Ke6 41. Kxc5 h5 42. Kc6 h4 43. Re1+ Kf6 44. Re8 Qa5 45. d8=Q+ Qxd8 46. Rxd8 g5 47. Kd5 Kf5 48. Ra8 h3 49. Rxa6 g4 50. Rh6 Kf4 51. a4 Kf3 52. a5 Kxf2 53. a6 g3 54. Rxh3 g2 55. Rh2 Kf1 56. Rxg2 Kxg2 57. a7 f5 58. a8=Q f4 59. Ke4 Kg3 60. Qa3+ 1-0


[Site "https://www.chess.com"]

[Event "Titled Tuesday Blitz June 27 Early 2023"]
[White "Ahmad, Khagan"]
[Black "Reprintsev, Alexander"]
[WhiteFideId "13431552"]
[BlackFideId "14100541"]
[WhiteElo "2623"]
[BlackElo "2461"]
[Result "1-0"]
[Round "3"]
[TimeControl "180+2"]
[Date "2023.06.27"]
[WhiteClock "0:00:04"]
[BlackClock "0:00:08"]
[Board "122"]

1. e4 e5 2. Nf3 Nc6 3. Bb5 Bc5 4. c3 f5 5. d4 fxe4 6. Bxc6 dxc6 7. Nxe5 Bd6 8. Qh5+ g6 9. Nxg6 Nf6 10. Qh4 Rg8 11. Ne5 Bxe5 12. dxe5 Bg4 13. O-O Nh5 14. Qxd8+ Rxd8 15. Be3 Bh3 16. g3 Bxf1 17. Kxf1 Rd1+ 18. Ke2 Rh1 19. Kd2 Rxh2 20. Na3 Nxg3 21. Rg1 Rg6 22. Nc2 Nf5 23. Re1 Nxe3 24. Kxe3 Rg5 25. Kxe4 Rxf2 26. Nd4 Rxb2 27. Rh1 h5 28. Rf1 h4 29. Ne6 Rg4+ 30. Kf5 Rg8 31. Kf6 h3 32. Ng7+ Kd7 33. e6+ Kc8 34. e7 Re2 35. Nf5 h2 36. Rh1 Kd7 37. Kf7 Rh8 38. Rd1+ Kc8 39. Rh1 Rh7+ 40. Kf6 Rhxe7 41. Nxe7+ Kd7 42. Nf5 Rxa2 43. Rd1+ Ke8 44. Ng7+ Kf8 45. Rd8# 1-0


[Site "https://www.chess.com"]

[Event "Titled Tuesday Blitz June 27 Early 2023"]
[White "Jia, Haoxiang"]
[Black "Morgunov, Anatoly"]
[WhiteFideId "8602999"]
[BlackFideId "4145909"]
[WhiteElo "2620"]
[BlackElo "2459"]
[Result "1-0"]
[Round "3"]
[TimeControl "180+2"]
[Date "2023.06.27"]
[WhiteClock "0:00:58"]
[BlackClock "0:00:14"]
[Board "123"]

1. d4 e6 2. c4 Nf6 3. g3 d5 4. Bg2 Bb4+ 5. Nd2 O-O 6. Nf3 dxc4 7. O-O b5 8. a4 c6 9. e3 Bb7 10. Qe2 Nbd7 11. e4 a5 12. e5 Nd5 13. Ne4 f5 14. exf6 N7xf6 15. Ne5 Nxe4 16. Qxe4 Nf6 17. Qh4 Nd5 18. Qg4 Qe8 19. Bh6 Qe7 20. Bg5 Qe8 21. Bh3 Rf5 22. Qh4 Ne7 23. Bxe7 Bxe7 24. Qe4 Rh5 25. Bxe6+ Kh8 26. Nf7+ Qxf7 27. Bxf7 Bf6 28. Bxh5 Rb8 29. axb5 c5 30. Qf4 Rf8 31. dxc5 g6 32. c6 Bc8 33. Qd6 gxh5 34. Qxf8# 1-0


[Site "https://www.chess.com"]

[Event "Titled Tuesday Blitz June 27 Early 2023"]
[White "Boraso, Alessio"]
[Black "Komov, Roman"]
[WhiteFideId "848077"]
[BlackFideId "24175714"]
[WhiteElo "2459"]
[BlackElo "2620"]
[Result "1-0"]
[Round "3"]
[TimeControl "180+2"]
[Date "2023.06.27"]
[WhiteClock "0:00:08"]
[BlackClock "0:00:10"]
[Board "124"]

1. e4 c5 2. c3 Nf6 3. e5 Nd5 4. Nf3 Nc6 5. d4 cxd4 6. cxd4 d6 7. Bc4 Nb6 8. Bb5 dxe5 9. Nxe5 Bd7 10. Nxd7 Qxd7 11. Nc3 e6 12. O-O Rd8 13. Be3 a6 14. Bxc6 Qxc6 15. Rc1 Qd7 16. Qg4 f5 17. Qg3 Bd6 18. Qf3 O-O 19. d5 Nxd5 20. Nxd5 exd5 21. Qxd5+ Kh8 22. Qf3 Qf7 23. Rfd1 Bb8 24. b3 Rfe8 25. Bf4 Rxd1+ 26. Rxd1 Ba7 27. g3 h6 28. Qd5 Qh5 29. Rd3 Bxf2+ 30. Kg2 Re2 31. Rd2 Rxd2 32. Qxd2 Ba7 33. h4 Qf7 34. Qd8+ Kh7 35. Qd3 Qe6 36. Kf3 Qc6+ 37. Ke2 Qg2+ 38. Kd1 Qh1+ 39. Kc2 Qc6+ 40. Kd1 Qe6 41. g4 Qe4 42. Qxe4 fxe4 43. Ke2 Kg6 44. Be3 Bb8 45. Bd4 h5 46. gxh5+ Kxh5 47. Bxg7 Bf4 48. Bf6 b5 49. a4 Kg4 50. Bd8 Bh6 51. Be7 Kf5 52. Bd8 Bf8 53. Bb6 Bh6 54. Bf2 Kg4 55. Be1 Bg7 56. axb5 axb5 57. Bf2 Bf6 58. Be1 Kf5 59. Bf2 Kg4 60. Ke3 Be7 61. Kxe4 Kh5 62. Kd5 b4 63. Kc4 Bf8 64. Bc5 Bg7 65. Bxb4 Kxh4 66. Bd6 Bh6 67. b4 Be3 68. Bc5 Bf4 69. b5 Kg5 70. Kd5 Kf6 71. Bd6 Be3 72. Bc5 Bf4 73. b6 Kf7 74. Bd6 Be3 75. Bc5 Bf4 76. Bd6 Be3 77. b7 Ba7 78. Kc6 Ke6 79. Bc7 Ke7 80. Bb6 Bb8 81. Bc7 Ba7 82. Bf4 Ke6 83. Kc7 Kd5 84. Bg3 Ke6 85. Kc8 Kd5 86. Bb8 Bb6 87. Bc7 Ba7 88. Bb6 Bxb6 89. b8=Q Bc5 90. Qb7+ Kc4 91. Kd7 Bd4 92. Qc6+ Kd3 93. Ke6 Bc3 94. Kd5 Kc2 95. Qc4 Kb2 96. Ke4 Bd2 97. Kd3 Bc1 98. Qb4+ Ka2 99. Kc2 Ba3 100. Qb1# 1-0


[Site "https://www.chess.com"]

[Event "Titled Tuesday Blitz June 27 Early 2023"]
[White "Gnechko, Ruslan"]
[Black "Aldokhin, Ivan"]
[WhiteFideId "14135868"]
[BlackFideId "24115720"]
[WhiteElo "2458"]
[BlackElo "2619"]
[Result "0-1"]
[Round "3"]
[TimeControl "180+2"]
[Date "2023.06.27"]
[WhiteClock "0:01:03"]
[BlackClock "0:01:15"]
[Board "125"]

1. d4 Nf6 2. c4 g6 3. Nf3 Bg7 4. g3 d6 5. Bg2 O-O 6. O-O Nbd7 7. Nc3 e5 8. Qc2 exd4 9. Nxd4 Re8 10. Rd1 a6 11. h3 Rb8 12. a4 Ne5 13. b3 Qe7 14. Bg5 c6 15. Ne4 Ned7 16. Rac1 h6 17. Nxf6+ Nxf6 18. Bf4 Nh5 19. Be3 Nxg3 20. Bxc6 Bxd4 21. Bxe8 Bxe3 22. Bxf7+ Kxf7 23. fxe3 Qxe3+ 24. Kg2 Bf5 25. Qd2 Be4+ 0-1


[Site "https://www.chess.com"]

[Event "Titled Tuesday Blitz June 27 Early 2023"]
[White "Lopez Gracia, Fernando"]
[Black "Chen, Justin"]
[WhiteFideId "2207184"]
[BlackFideId "2098199"]
[WhiteElo "2453"]
[BlackElo "2616"]
[Result "0-1"]
[Round "3"]
[TimeControl "180+2"]
[Date "2023.06.27"]
[WhiteClock "0:01:11"]
[BlackClock "0:00:07"]
[Board "127"]

1. c4 e5 2. Nc3 Nf6 3. Nf3 e4 4. Ng5 c6 5. Ngxe4 Nxe4 6. Nxe4 d5 7. cxd5 cxd5 8. Ng3 h5 9. e3 h4 10. Nh5 Nc6 11. d4 Qg5 12. Nf4 Bd6 13. h3 Bxf4 14. exf4 Qg6 15. Be3 Bf5 16. Bb5 Qxg2 17. Kd2 Qe4 18. Rc1 O-O 19. Qh5 Nxd4 20. Be2 Nxe2 21. Kxe2 d4 22. Rc5 Bg6 23. Qf3 d3+ 0-1


[Site "https://www.chess.com"]

[Event "Titled Tuesday Blitz June 27 Early 2023"]
[White "Al-Tarboush, Ward"]
[Black "Begunov, Konstantin"]
[WhiteFideId "7601450"]
[BlackFideId "4118510"]
[WhiteElo "2615"]
[BlackElo "2453"]
[Result "1-0"]
[Round "3"]
[TimeControl "180+2"]
[Date "2023.06.27"]
[WhiteClock "0:02:13"]
[BlackClock "0:00:07"]
[Board "128"]

1. e4 c5 2. Nf3 d6 3. d4 cxd4 4. Nxd4 Nf6 5. Nc3 a6 6. h3 b5 7. a4 b4 8. Nd5 Nxe4 9. Qf3 Nc5 10. Bc4 e6 11. O-O Bb7 12. Re1 Be7 13. Qg4 O-O 14. Nxe7+ Qxe7 15. Bg5 f6 16. Nxe6 Nxe6 17. Rxe6 Qf7 18. Rxf6 gxf6 19. Bxf6# 1-0


[Site "https://www.chess.com"]

[Event "Titled Tuesday Blitz June 27 Early 2023"]
[White "Elgersma, Onno"]
[Black "LangesNasenhaar"]
[WhiteFideId "1053531"]
[WhiteElo "2614"]
[BlackElo "2451"]
[Result "1-0"]
[Round "3"]
[TimeControl "180+2"]
[Date "2023.06.27"]
[WhiteClock "0:00:15"]
[BlackClock "0:00:08"]
[Board "129"]

1. e4 d6 2. Nf3 Nf6 3. Nc3 e5 4. d4 Nbd7 5. Bc4 Be7 6. O-O c6 7. a4 h6 8. Re1 Qc7 9. h3 g5 10. Ba2 Nf8 11. a5 g4 12. hxg4 Bxg4 13. Qd3 Ng6 14. dxe5 dxe5 15. Qc4 Rh7 16. Nh2 Be6 17. Qa4 Bxa2 18. Rxa2 Kf8 19. Qc4 Rc8 20. Be3 b6 21. axb6 axb6 22. Ra6 b5 23. Qe2 Kg7 24. Ra7 Qd6 25. Qf3 Qe6 26. Ne2 Kh8 27. Ng3 Nh4 28. Qe2 Rg8 29. Nf3 Ng4 30. Nxh4 Bxh4 31. Nf5 Nxe3 32. Qxe3 Bg5 33. Qh3 Qg6 34. Rd1 Bf4 35. Rdd7 h5 36. Qf3 Qf6 37. Rd6 Qg5 38. Rdd7 Qf6 39. Rac7 Bc1 40. b3 Bb2 41. c4 bxc4 42. bxc4 Bd4 43. Rd6 Qg5 44. Rcxc6 h4 45. Rh6 h3 46. Rxh7+ Kxh7 47. Qxh3+ Qh6 48. Qxh6# 1-0


[Site "https://www.chess.com"]

[Event "Titled Tuesday Blitz June 27 Early 2023"]
[White "Yeritsyan, Hayk"]
[Black "Yurovskykh, Oleksandr"]
[WhiteFideId "13307320"]
[BlackFideId "14134020"]
[WhiteElo "2449"]
[BlackElo "2613"]
[Result "1-0"]
[Round "3"]
[TimeControl "180+2"]
[Date "2023.06.27"]
[WhiteClock "0:01:23"]
[BlackClock "0:00:21"]
[Board "130"]

1. d4 d5 2. Nf3 Nf6 3. e3 Bf5 4. Bd3 Bxd3 5. Qxd3 c6 6. Nbd2 e6 7. c3 Qb6 8. e4 dxe4 9. Nxe4 Nbd7 10. O-O Be7 11. Nxf6+ Nxf6 12. Qc2 O-O 13. Qb3 Qxb3 14. axb3 a6 15. b4 Rad8 16. Bg5 Nd5 17. Bxe7 Nxe7 18. Rfe1 Ng6 19. Ne5 Nxe5 20. Rxe5 Rd6 21. Rae1 Rfd8 22. f4 g6 23. Kf2 h5 24. g3 Kg7 25. Kf3 Kf6 26. h3 Rd5 27. Rxd5 cxd5 28. Rh1 Rh8 29. Kg2 g5 30. fxg5+ Kxg5 31. Re1 Kf5 32. Kf3 Kf6 33. Kf4 Rh7 34. b3 Rh8 35. c4 Rd8 36. c5 Ra8 37. Ra1 Re8 38. b5 axb5 39. Ra5 Rc8 40. Rxb5 Rc7 41. Rb6 Re7 42. b4 Rc7 43. b5 Rd7 44. g4 hxg4 45. hxg4 Rc7 46. g5+ Kg6 47. Ke5 Rd7 48. c6 bxc6 49. bxc6 Ra7 50. Rb7 Ra6 51. Kd6 e5 52. Kxd5 Ra5+ 53. Kd6 exd4 54. c7 Ra8 55. Rb8 Ra6+ 56. Kd5 Ra5+ 57. Kxd4 Ra4+ 58. Kc5 Ra1 59. c8=Q Rc1+ 60. Kd4 Rxc8 61. Rxc8 Kxg5 62. Ke3 Kf5 63. Kf3 1-0


[Site "https://www.chess.com"]

[Event "Titled Tuesday Blitz June 27 Early 2023"]
[White "Andreev, Konstantin"]
[Black "Cezila Jr, Rubens"]
[WhiteFideId "24239305"]
[BlackFideId "2116723"]
[WhiteElo "2446"]
[BlackElo "2613"]
[Result "1/2-1/2"]
[Round "3"]
[TimeControl "180+2"]
[Date "2023.06.27"]
[WhiteClock "0:02:45"]
[BlackClock "0:02:21"]
[Board "131"]

1. e4 c6 2. d4 d5 3. e5 Bf5 4. Nf3 e6 5. Be2 Nd7 6. O-O Bg6 7. a4 a6 8. a5 Rc8 9. Nbd2 Nh6 10. Nb3 Nf5 11. c3 h6 12. Bd2 Be7 13. g4 Nh4 14. Nxh4 Bxh4 15. f4 Be4 16. Bf3 Bd3 17. Be2 Be4 18. Bf3 Bd3 19. Be2 Be4 1/2-1/2


[Site "https://www.chess.com"]

[Event "Titled Tuesday Blitz June 27 Early 2023"]
[White "Miszler, Levente"]
[Black "Ganiev, Roman"]
[WhiteFideId "763276"]
[BlackFideId "4131452"]
[WhiteElo "2446"]
[BlackElo "2612"]
[Result "0-1"]
[Round "3"]
[TimeControl "180+2"]
[Date "2023.06.27"]
[WhiteClock "0:00:17"]
[BlackClock "0:00:51"]
[Board "132"]

1. e4 c5 2. Nf3 d6 3. d4 cxd4 4. Nxd4 Nf6 5. Nc3 a6 6. h3 e5 7. Nf3 Be7 8. Be3 O-O 9. Be2 b5 10. a3 Bb7 11. Nd2 d5 12. exd5 Nxd5 13. Nxd5 Bxd5 14. O-O Nc6 15. Bf3 f5 16. Bb6 Qd6 17. c4 Bxf3 18. Nxf3 Qxd1 19. Rfxd1 bxc4 20. Rd7 Bf6 21. Rc1 Rab8 22. Bc5 Rfd8 23. Rxd8+ Rxd8 24. Rxc4 e4 25. Ne1 Rd1 26. Kf1 Ne5 27. Rd4 Nd3 28. Rxd3 exd3 0-1


[Site "https://www.chess.com"]

[Event "Titled Tuesday Blitz June 27 Early 2023"]
[White "Domingo Nunez, Alejandro"]
[Black "Abdilkhair, Abilmansur"]
[WhiteFideId "22245561"]
[BlackFideId "13716417"]
[WhiteElo "2607"]
[BlackElo "2442"]
[Result "0-1"]
[Round "3"]
[TimeControl "180+2"]
[Date "2023.06.27"]
[WhiteClock "0:00:06"]
[BlackClock "0:00:25"]
[Board "133"]

1. Nf3 Nf6 2. g3 b6 3. Bg2 Bb7 4. O-O e6 5. c4 Be7 6. d4 O-O 7. Nc3 d5 8. Ne5 Nbd7 9. Bg5 c6 10. Qc2 h6 11. Bf4 Rc8 12. Rfd1 Nh5 13. Rac1 Nxf4 14. gxf4 Nf6 15. e4 Qc7 16. Qe2 Rfd8 17. Qe3 dxe4 18. Nxe4 Nxe4 19. Qxe4 Bf6 20. Rc3 Ba8 21. Rg3 c5 22. d5 exd5 23. cxd5 Re8 24. Qf5 Bxe5 25. d6 Bxd6 26. Bxa8 Rxa8 27. Qf6 Bf8 28. Qxh6 Re6 29. Qh5 Rae8 30. Kf1 Qxf4 31. Rh3 Rh6 32. Qf3 Qxf3 33. Rxf3 Rxh2 34. Kg1 Rh6 35. Rd7 Re7 36. Rd8 Rhe6 37. Rfd3 Re1+ 38. Kg2 Re8 39. R8d7 R1e7 40. R7d5 g6 41. Rf3 Bg7 42. b3 Bd4 43. a4 Kg7 44. Kg3 Rh8 45. Kg4 Rh5 46. Rxh5 gxh5+ 47. Kxh5 Re5+ 48. Kg4 Re6 49. Rg3 Rg6+ 50. Kf5 Rxg3 51. fxg3 Bf2 52. g4 Bd4 53. Ke4 Kf6 54. Kd5 Kg5 55. Kc6 Kxg4 56. Kb7 f5 57. Kxa7 f4 58. Ka6 f3 0-1


[Site "https://www.chess.com"]

[Event "Titled Tuesday Blitz June 27 Early 2023"]
[White "Mohamed Anees M"]
[Black "Rios Escobar, Adan"]
[WhiteFideId "35065815"]
[BlackFideId "3403645"]
[WhiteElo "2607"]
[BlackElo "2440"]
[Result "0-1"]
[Round "3"]
[TimeControl "180+2"]
[Date "2023.06.27"]
[WhiteClock "0:01:42"]
[BlackClock "0:00:17"]
[Board "134"]

1. Nf3 Nf6 2. b3 d6 3. Bb2 e5 4. d3 c5 5. g3 Nc6 6. Bg2 g6 7. c4 Bg7 8. O-O O-O 9. Nc3 h6 10. Ne1 Be6 11. Nd5 Qd7 12. Nc2 Bh3 13. Nce3 Bxg2 14. Kxg2 Nd4 15. Nxf6+ Bxf6 16. Nd5 Bg7 17. Bxd4 exd4 18. Qd2 f5 19. h4 Rae8 20. Rae1 Kh7 21. f4 Re6 22. h5 gxh5 23. Rh1 Qf7 24. Rh2 Rfe8 25. Kf3 Qg6 26. Rh4 Re3+ 27. Nxe3 Rxe3+ 28. Qxe3 dxe3 29. Reh1 a6 30. R1h3 Bd4 31. Rxh5 Qg4+ 32. Kg2 Qxe2+ 33. Kh1 Qf1+ 34. Kh2 Qf2+ 35. Kh1 e2 36. Rxh6+ Kg8 37. Rg6+ Bg7 38. Re6 e1=Q+ 39. Rxe1 Qxe1+ 40. Kg2 Qe2+ 41. Kg1 Bd4+ 0-1


[Site "https://www.chess.com"]

[Event "Titled Tuesday Blitz June 27 Early 2023"]
[White "Pandey Srishti"]
[Black "Colas, Joshua"]
[WhiteFideId "35093290"]
[BlackFideId "2044447"]
[WhiteElo "2439"]
[BlackElo "2606"]
[Result "0-1"]
[Round "3"]
[TimeControl "180+2"]
[Date "2023.06.27"]
[WhiteClock "0:00:00"]
[BlackClock "0:00:08"]
[Board "135"]

1. e4 c5 2. Nf3 d6 3. d4 cxd4 4. Nxd4 Nf6 5. Nc3 g6 6. Be3 Bg7 7. f3 O-O 8. Qd2 Nc6 9. O-O-O d5 10. exd5 Nxd5 11. Nxc6 bxc6 12. Bd4 e5 13. Bc5 Re8 14. Ne4 Be6 15. h4 h6 16. Bc4 Qc7 17. h5 g5 18. g4 Rad8 19. Qf2 Nf4 20. Bxe6 Nxe6 21. Bxa7 Nd4 22. Bxd4 exd4 23. a3 Qf4+ 24. Rd2 c5 25. Ng3 d3 26. c3 c4 27. Re1 Rxe1+ 28. Qxe1 Qxf3 29. Nf5 Qxg4 30. Nxg7 Kxg7 31. Qe5+ Kg8 32. Qf6 Qe6 33. Qxd8+ Kg7 34. Qd4+ Kh7 35. Qf2 f5 36. Rd1 f4 37. Re1 Qf7 38. Qf3 Kg7 39. Re5 Qd7 40. Kd2 Qa7 41. Kc1 Qg1+ 42. Qd1 Qg2 43. Kb1 f3 44. Qa4 Qc2+ 45. Qxc2 dxc2+ 46. Kxc2 Kf6 47. Re1 Kf5 48. Kd2 Kf4 49. Rf1 g4 50. a4 g3 51. a5 g2 52. Ke1 Kg3 53. a6 f2+ 54. Ke2 g1=Q 55. a7 Qg2 0-1


[Site "https://www.chess.com"]

[Event "Titled Tuesday Blitz June 27 Early 2023"]
[White "MKlose11"]
[Black "KorolDimitriy75"]
[WhiteElo "2606"]
[BlackElo "2436"]
[Result "1-0"]
[Round "3"]
[TimeControl "180+2"]
[Date "2023.06.27"]
[WhiteClock "0:01:29"]
[BlackClock "0:00:00"]
[Board "136"]

1. e4 c5 2. Nc3 g6 3. g3 Bg7 4. d3 Nc6 5. Bg2 d6 6. Be3 e5 7. Qd2 Nge7 8. Bh6 Bxh6 9. Qxh6 Nd4 10. Qd2 Be6 11. Nd1 O-O 12. c3 Ndc6 13. Ne3 f5 14. exf5 Nxf5 15. Ne2 Qd7 16. O-O Nxe3 17. fxe3 Bh3 18. Bxh3 Qxh3 19. d4 exd4 20. exd4 cxd4 21. Nxd4 Ne5 22. Qe2 Rae8 23. Qg2 Qxg2+ 24. Kxg2 Nc4 25. Rxf8+ Kxf8 26. b3 Na3 27. Rf1+ Kg7 28. Kf2 d5 29. Re1 Rxe1 30. Kxe1 Nb1 31. Ne2 Kf6 32. Kd1 Ke5 33. a4 Ke4 34. Kc2 Na3+ 35. Kb2 Kf3 36. Nf4 1-0


[Site "https://www.chess.com"]

[Event "Titled Tuesday Blitz June 27 Early 2023"]
[White "Herman, Daniel"]
[Black "Spata, German"]
[WhiteFideId "30935008"]
[BlackFideId "113026"]
[WhiteElo "2434"]
[BlackElo "2603"]
[Result "0-1"]
[Round "3"]
[TimeControl "180+2"]
[Date "2023.06.27"]
[WhiteClock "0:00:03"]
[BlackClock "0:00:20"]
[Board "137"]

1. d4 e6 2. Bf4 c5 3. c3 Nf6 4. e3 cxd4 5. cxd4 d6 6. Nc3 Be7 7. Nf3 O-O 8. Bd3 b6 9. O-O Bb7 10. h3 a6 11. Rc1 b5 12. a3 Nbd7 13. e4 Nb6 14. Qe2 Rc8 15. Bh2 Qd7 16. Rfd1 Rc7 17. e5 Nfd5 18. Ne4 Rxc1 19. Rxc1 dxe5 20. Nxe5 Qd8 21. Nc5 Qa8 22. Qh5 Nf6 23. Qg5 h6 24. Qg3 Rd8 25. Nxb7 Qxb7 26. Qf4 Bd6 27. Be2 Nbd5 28. Qh4 Rc8 29. Rxc8+ Qxc8 30. Bg3 Qc1+ 31. Kh2 Qxb2 32. Bf3 Qxa3 33. Bh5 Nxh5 34. Qxh5 Bxe5 35. Bxe5 Qe7 36. Qg4 f6 37. Bf4 Kh7 38. Bc1 b4 39. Qe4+ f5 40. Qe5 a5 41. g3 a4 42. Qe2 a3 43. Qc4 Qc7 0-1


[Site "https://www.chess.com"]

[Event "Titled Tuesday Blitz June 27 Early 2023"]
[White "Piesik, Piotr"]
[Black "Rom, Jasper"]
[WhiteFideId "1136194"]
[BlackFideId "2023733"]
[WhiteElo "2602"]
[BlackElo "2434"]
[Result "1-0"]
[Round "3"]
[TimeControl "180+2"]
[Date "2023.06.27"]
[WhiteClock "0:01:16"]
[BlackClock "0:00:00"]
[Board "138"]

1. Nf3 d5 2. g3 e6 3. Bg2 Nf6 4. O-O Be7 5. d3 Nc6 6. Nbd2 O-O 7. e4 dxe4 8. dxe4 e5 9. c3 a5 10. Qc2 Bc5 11. Nb3 Bb6 12. a4 Qe7 13. Bg5 h6 14. Bxf6 Qxf6 15. Nfd2 Be6 16. Kh1 Rad8 17. f4 exf4 18. gxf4 Qh4 19. f5 Bxb3 20. Nxb3 Ne5 21. Bf3 Be3 22. Qg2 Nd3 23. Qg3 Qxg3 24. hxg3 b6 25. Rab1 c5 26. Kg2 c4 27. Na1 Nc5 28. Rfe1 Rd2+ 29. Re2 Rfd8 30. Nc2 Bg5 31. Nd4 Rxe2+ 32. Bxe2 Nxa4 33. Bxc4 Bf6 34. Nf3 Re8 35. e5 Bg5 36. Bb5 1-0


[Site "https://www.chess.com"]

[Event "Titled Tuesday Blitz June 27 Early 2023"]
[White "Poormosavi, Seyed Kian"]
[Black "Lacasa Diaz, Jose Antonio"]
[WhiteFideId "12585807"]
[BlackFideId "2203375"]
[WhiteElo "2601"]
[BlackElo "2430"]
[Result "0-1"]
[Round "3"]
[TimeControl "180+2"]
[Date "2023.06.27"]
[WhiteClock "0:01:12"]
[BlackClock "0:00:34"]
[Board "139"]

1. Nf3 d5 2. g3 c5 3. Bg2 Nc6 4. d4 e6 5. O-O Nf6 6. c4 cxd4 7. Nxd4 Bc5 8. Nxc6 bxc6 9. cxd5 cxd5 10. Nc3 O-O 11. e4 Ba6 12. Re1 Qb6 13. Qc2 Ng4 14. Nd1 Rac8 15. b3 Bxf2+ 16. Qxf2 Nxf2 17. Nxf2 Rc2 18. Be3 d4 19. Bf4 Rfc8 20. e5 h6 21. Be4 g5 22. Bxc2 Rxc2 23. Bc1 Bb7 24. Ba3 d3 25. Rf1 Qc6 0-1


[Site "https://www.chess.com"]

[Event "Titled Tuesday Blitz June 27 Early 2023"]
[White "Mika, Tomasz"]
[Black "Williams, Simon K"]
[WhiteFideId "1132970"]
[BlackFideId "404454"]
[WhiteElo "2430"]
[BlackElo "2601"]
[Result "1-0"]
[Round "3"]
[TimeControl "180+2"]
[Date "2023.06.27"]
[WhiteClock "0:00:06"]
[BlackClock "0:00:01"]
[Board "140"]

1. d4 e6 2. Bf4 f5 3. e3 Nf6 4. Nf3 b6 5. h3 Bb7 6. Be2 Bd6 7. Bxd6 cxd6 8. c4 O-O 9. Nc3 d5 10. O-O dxc4 11. Bxc4 Nc6 12. Rc1 Ne7 13. Qe2 a6 14. Ne5 b5 15. Bb3 Qb6 16. Rc2 Rac8 17. Rfc1 Qa7 18. Nxd7 Nxd7 19. Bxe6+ Kh8 20. Bxd7 Rcd8 21. Be6 Qa8 22. f3 Qb8 23. a3 Qg3 24. Qf2 Qg6 25. Ba2 Nc8 26. Rd2 Nd6 27. Rcd1 Rde8 28. Nd5 Qh6 29. Re1 g5 30. Rc2 g4 31. hxg4 fxg4 32. Rc7 gxf3 33. gxf3 Rg8+ 34. Kf1 Rg5 35. Nf4 Rf8 36. Ke2 Qf6 37. Rg1 Rxg1 38. Qxg1 Bc8 39. Qh2 Bf5 40. e4 Bg6 41. Nxg6+ Qxg6 42. Qe5+ Qf6 43. Qxf6+ Rxf6 44. e5 Rg6 45. exd6 Rxd6 46. Kd3 h5 47. Rc8+ Kg7 48. Rc7+ Kh6 49. Rc1 h4 50. Rh1 Kg5 51. Bf7 Rf6 52. Bd5 Rf4 53. Be4 Kf6 54. Ke3 Kg5 55. Rg1+ 1-0


[Site "https://www.chess.com"]